Map: King's Cove LE

Players

MaSa - Winner!

  • Race: Terran Terran
  • League: Master
  • Spawn Location: 5:00

Awers

  • Race: Terran Terran
  • League: Grandmaster
  • Spawn Location: 11:00

Event: 2019 Assembly Summer

VOD

Have the link to the VOD?

Description

Time

  • Played on: Aug. 1, 2019, 6:52 a.m.
  • Length: 14:09

All games in this series

Show
View Real Time Build Order
Export as new Build Order

MaSa Terran - Winner!

Build Orders:  

Get SALT Encoding   

  12  0:00  SCV  
  13  0:12  SCV  
  14  0:18  Supply Depot  
  14  0:24  SCV  
  15  0:39  SCV  
  15  0:40  Barracks  
  16  0:44  Refinery  
  16  0:51  SCV  
  17  1:00  Barracks  
  17  1:04  SCV  
  18  1:16  SCV  
  19  1:27  Reaper  
  19  1:28  Orbital Command  
  20  1:42  Supply Depot  
  20  1:47  Reaper  
  21  1:55  SCV  
  22  2:03  Reaper  
  22  2:07  SCV  
  24  2:15  Command Center  
  24  2:22  Refinery  
  24  2:23  Reaper  
  24  2:28  SCV  
  26  2:40  SCV  
  26  2:41  Supply Depot  
  27  2:50  Reaper  
  28  2:53  SCV  
  28  2:58  Barracks Tech Lab  
  29  3:01  Bunker  
  29  3:05  SCV  
  29  3:13  Factory  
  29  3:16  Marine  
  29  3:17  SCV  
  31  3:23  Barracks Reactor  
  31  3:28  Orbital Command  
  31  3:29  SCV  
  32  3:36  Marine  
  32  3:41  SCV  
  34  3:53  SCV  
  35  4:01  Widow Mine  
  35  4:02  SCV  
  36  4:04  Starport  
  36  4:05  Marine x3, SCV  
  40  4:14  SCV  
  41  4:17  SCV  
  41  4:18  Supply Depot  
  41  4:22  Marine  
  41  4:23  Factory Reactor, Marine  
  44  4:26  SCV  
  44  4:27  Marine  
  44  4:29  SCV  
  47  4:39  SCV  
  47  4:40  Marine x2  
  47  4:41  SCV  
  47  4:45  Marine  
  52  4:47  Supply Depot  
  52  4:51  SCV  
  53  4:53  SCV  
  54  5:02  Medivac x2  
  54  5:03  Marine x2, SCV  
  54  5:04  Marine  
  62  5:07  Factory Tech Lab  
  62  5:09  Supply Depot, SCV  
  62  5:10  Supply Depot  
  61  5:15  SCV  
  61  5:18  Liberator x2  
  63  5:21  Marine, SCV  
  63  5:22  Supply Depot  
  63  5:25  Marine  
  63  5:27  SCV  
  65  5:33  Barracks Tech Lab  
  67  5:36  SCV  
  67  5:37  Command Center  
  67  5:38  Refinery  
  67  5:40  Refinery  
  67  5:42  SCV  
  69  5:45  Marine x2  
  71  5:50  Barracks, SCV  
  71  5:55  Marine  
  71  5:56  Stimpack, SCV  
  74  6:02  Marine  
  76  6:04  SCV  
  76  6:09  Marine  
  76  6:10  Barracks  
  76  6:11  SCV  
  78  6:13  Marine, Barracks x2  
  78  6:16  SCV  
  80  6:23  SCV  
  81  6:28  SCV  
  81  6:31  Marauder  
  84  6:34  Marine  
  84  6:35  SCV  
  83  6:40  SCV  
  83  6:44  Medivac  
  83  6:45  Marine  
  83  6:47  SCV  
  83  6:49  Marine  
  83  6:52  SCV x2  
  83  6:53  Marauder  
  84  6:59  SCV  
  84  7:00  Medivac  
  85  7:02  Marine  
  85  7:04  SCV  
  85  7:06  Barracks Tech Lab  
  85  7:07  Barracks Reactor  
  78  7:11  SCV  
  78  7:14  Engineering Bay x2, Marauder, Medivac  
  83  7:19  SCV  
  83  7:20  Supply Depot x2, Marine  
  85  7:24  Siege Tank  
  85  7:28  Barracks Tech Lab x2  
  85  7:29  SCV  
  89  7:33  Orbital Command  
  89  7:34  SCV  
  89  7:35  Marauder  
  92  7:37  Marine, Refinery  
  92  7:38  Refinery  
  92  7:39  Combat Shield  
  92  7:42  Terran Infantry Weapons Level 1  
  92  7:43  SCV  
  94  7:45  Medivac  
  94  7:48  Medivac  
  94  7:50  SCV  
  99  7:52  Marine x2  
  99  7:55  SCV  
  102  7:59  Terran Infantry Armor Level 1  
  102  8:00  SCV  
  102  8:02  SCV  
  102  8:04  Marine  
  102  8:05  Marine, Marauder x2  
  110  8:06  Concussive Shells  
  110  8:08  Marauder, SCV  
  114  8:12  SCV  
  114  8:16  Medivac  
  114  8:19  Medivac  
  118  8:20  Siege Tank  
  118  8:21  Marine  
  118  8:22  Command Center  
  118  8:23  SCV  
  118  8:25  SCV  
  118  8:26  SCV  
  125  8:33  Supply Depot  
  125  8:34  Supply Depot  
  125  8:35  Marine x3  
  125  8:36  Marauder  
  125  8:41  Marine, Marauder  
  133  8:50  Supply Depot, Armory  
  133  8:53  Supply Depot  
  133  8:55  Medivac x2, Marauder  
  139  8:56  Supply Depot  
  139  8:57  Sensor Tower  
  139  8:58  Siege Tank  
  139  9:00  Marine  
  143  9:07  Marine, Marauder  
  143  9:08  Marauder  
  146  9:19  Starport  
  146  9:20  Starport  
  146  9:21  Marine  
  147  9:25  Viking x2  
  147  9:26  SCV x3  
  151  9:34  Marauder x2  
  151  9:37  Orbital Command  
  155  9:38  Refinery  
  155  9:39  Terran Ship Weapons Level 1  
  155  9:45  Terran Infantry Weapons Level 2  
  155  9:49  Marine  
  155  9:50  Marine x2, Marauder  
  160  9:52  Terran Infantry Armor Level 2  
  160  9:54  Refinery  
  160  9:55  Marauder  
  160  9:58  SCV x3  
  160  9:59  Starport Reactor, Starport Tech Lab  
  165  10:01  Viking  
  167  10:09  Viking  
  167  10:10  Marauder  
  167  10:11  SCV x2  
  171  10:15  SCV  
  171  10:19  Marine, Marauder  
  174  10:26  Viking  
  174  10:27  Supply Depot, Marine x3, Marauder  
  181  10:31  Viking, Marauder  
  181  10:34  Supply Depot  
  185  10:36  Fusion Core  
  185  10:40  Marine  
  185  10:41  Marauder  
  187  10:42  Command Center  
  187  10:45  Marine x2  
  187  10:48  Marine  
  187  10:49  Marauder  
  190  10:53  Marauder  
  179  10:58  Marine, Viking  
  179  11:02  Marine x2, Marauder  
  186  11:06  Marine  
  186  11:11  Marauder  
  182  11:14  Marauder  
  182  11:16  Marine  
  170  11:20  Marine x2, Medivac x2  
  170  11:24  Marine, Marauder  
  162  11:32  Liberator, Viking x2, Marauder  
  153  11:34  Marine  
  153  11:35  Marauder, SCV x2  
  153  11:36  SCV  
  153  11:37  SCV  
  153  11:38  Marine x2  
  160  11:42  Marine  
  160  11:45  Marauder  
  163  11:47  SCV  
  163  11:48  Advanced Ballistics  
  163  11:51  Marine  
  163  11:53  Marauder  
  169  11:56  Marine x2  
  169  11:57  Marauder  
  169  11:59  Marine  
  160  12:06  Viking, Marauder  
  158  12:09  Marine  
  158  12:11  Command Center  
  158  12:12  Orbital Command  
  158  12:14  Marine, Medivac  
  158  12:15  Marine, Marauder  
  165  12:17  Marine, Medivac  
  164  12:24  Marauder  
  164  12:27  Marine x2  
  160  12:33  Viking x2  
  160  12:35  Marine x2  
  160  12:36  Marine, Marauder  
  168  12:42  Siege Tank  
  171  12:45  Marine x2  
  171  12:46  Marauder  
  174  12:53  Marine x3  
  174  12:58  Marauder  
  166  13:03  Marine  
  166  13:04  Marauder  
  161  13:06  Marine  
  161  13:08  SCV x2  
  161  13:11  Marine x3  
  161  13:12  Medivac  
  149  13:15  Siege Tank  
  149  13:16  Medivac  
  149  13:17  Medivac  
  149  13:19  Marauder  
  150  13:21  Marine  
  150  13:23  Medivac  
  150  13:25  Marauder x2  
  154  13:29  Marine x3  
  155  13:38  Marine  
  155  13:40  Marauder  
  153  13:46  Marauder x2  
  153  13:47  Marine x3  
  154  13:52  Refinery  
  151  13:57  Command Center  
Show
View Real Time Build Order
Export as new Build Order

Awers Terran 

Build Orders: 2 Factory, Cyclone Opening, Mech 

Get SALT Encoding   

  12  0:00  SCV  
  13  0:12  SCV  
  14  0:18  Supply Depot  
  14  0:25  SCV  
  15  0:32  Refinery  
  15  0:39  SCV  
  16  0:45  Barracks  
  16  0:51  SCV  
  16  0:55  Refinery  
  17  1:05  SCV  
  18  1:18  SCV  
  19  1:32  Reaper, Orbital Command  
  20  1:37  Factory  
  20  1:46  Supply Depot  
  20  1:57  SCV  
  21  2:04  Reaper  
  22  2:09  SCV  
  23  2:22  Factory Tech Lab, SCV  
  24  2:29  Command Center  
  24  2:34  SCV  
  25  2:42  Cyclone  
  28  2:46  SCV  
  29  2:52  Mag-Field Accelerator  
  29  2:59  SCV  
  29  3:01  Supply Depot  
  29  3:10  Factory  
  29  3:11  SCV  
  30  3:23  Cyclone, SCV  
  34  3:35  SCV  
  35  3:41  Orbital Command  
  35  3:47  SCV  
  36  3:53  Factory Tech Lab  
  36  4:02  SCV  
  34  4:03  Cyclone  
  34  4:08  SCV  
  38  4:10  Command Center  
  38  4:13  Cyclone  
  41  4:26  SCV  
  41  4:27  Refinery  
  41  4:29  Refinery  
  43  4:37  Starport  
  43  4:38  SCV  
  44  4:40  SCV  
  44  4:44  Siege Tank  
  47  4:50  SCV  
  47  4:52  Supply Depot  
  48  4:53  SCV  
  49  5:02  SCV  
  49  5:05  SCV  
  49  5:06  Factory  
  51  5:14  SCV  
  51  5:15  Siege Tank  
  51  5:17  Starport Reactor, SCV  
  56  5:26  SCV  
  55  5:29  SCV  
  55  5:32  Orbital Command  
  50  5:38  SCV  
  50  5:40  Siege Tank  
  50  5:42  SCV  
  55  5:48  Orbital Command  
  55  5:49  Factory Reactor, Siege Tank  
  58  5:50  SCV  
  58  5:54  SCV  
  60  6:00  Viking  
  60  6:02  Viking  
  60  6:03  SCV  
  65  6:06  SCV  
  66  6:14  Engineering Bay, SCV  
  66  6:15  SCV  
  68  6:19  Siege Tank  
  68  6:22  SCV  
  72  6:26  SCV  
  72  6:37  Hellion  
  72  6:38  Hellion x2  
  77  6:43  SCV  
  77  6:50  SCV  
  76  6:55  Viking, Siege Tank  
  76  6:58  SCV  
  76  7:00  Viking, SCV  
  72  7:02  SCV  
  70  7:11  SCV  
  70  7:13  SCV  
  70  7:14  SCV  
  73  7:21  Sensor Tower  
  73  7:23  SCV  
  73  7:25  Cyclone  
  77  7:30  Viking  
  77  7:31  SCV  
  77  7:33  SCV  
  77  7:36  SCV  
  82  7:39  Missile Turret  
  82  7:41  Supply Depot  
  82  7:42  Supply Depot  
  82  7:43  SCV  
  83  7:45  SCV  
  83  7:49  Armory  
  83  7:50  Siege Tank  
  87  7:53  SCV  
  87  7:55  Missile Turret, SCV  
  89  8:00  Viking  
  89  8:03  SCV  
  69  8:05  Viking  
  92  8:07  Widow Mine x2  
  92  8:08  SCV  
  92  8:12  SCV  
  100  8:16  SCV  
  100  8:17  Siege Tank  
  100  8:19  Refinery  
  104  8:20  Refinery, SCV  
  104  8:21  Supply Depot  
  104  8:24  SCV  
  109  8:27  Siege Tank  
  109  8:34  Supply Depot x2  
  109  8:36  Supply Depot  
  109  8:42  SCV x2  
  109  8:45  Terran Vehicle Weapons Level 1  
  109  8:47  Hellion x2, Barracks  
  109  8:48  Viking  
  117  8:56  Viking, SCV x2  
  121  9:09  Hellion, Siege Tank  
  129  9:10  Hellion  
  129  9:14  Command Center  
  126  9:26  Siege Tank  
  126  9:31  Armory, Supply Depot x2  
  129  9:34  Hellion x2  
  129  9:35  Infernal Pre-Igniter  
  133  9:39  Factory x2  
  133  9:43  Siege Tank, Missile Turret x2  
  136  9:53  Viking x2  
  140  10:00  Thor  
  146  10:08  Hellion x2  
  138  10:22  Terran Vehicle And Ship Armor Level 1  
  138  10:24  Factory Reactor, Factory Tech Lab  
  138  10:31  Siege Tank  
  138  10:32  Command Center  
  138  10:34  Missile Turret  
  138  10:35  Missile Turret  
  141  10:36  Hi-Sec Auto Tracking  
  141  10:41  SCV x3  
  144  10:50  Missile Turret  
  144  10:57  SCV x2  
  137  10:59  Viking  
  137  11:00  Viking  
  140  11:05  Siege Tank  
  140  11:06  Hellion  
  110  11:21  Hellion x2, Siege Tank  
  110  11:24  Hellion  
  105  11:27  SCV x2  
  105  11:28  SCV  
  105  11:29  Viking  
  105  11:30  Viking  
  112  11:39  SCV  
  114  11:40  SCV x2  
  114  11:46  Hellion, Siege Tank  
  116  11:51  SCV  
  116  11:52  SCV x2  
  119  11:59  Siege Tank  
  119  12:00  Hellion x2  
  109  12:05  Orbital Command  
  100  12:11  Viking, Refinery  
  102  12:23  Hellion x3, Siege Tank  
  102  12:28  Siege Tank  
  102  12:29  Hellion  
  114  12:35  Viking  
  116  12:41  Viking  
  116  12:54  Hellion x2, Siege Tank  
  114  12:59  Hellion x2, Siege Tank  
  114  13:05  Viking  
  121  13:10  Hellion  
  121  13:11  Viking  
  104  13:15  Hellion  
  103  13:22  SCV  
  103  13:26  Siege Tank  
  103  13:27  Hellion  
  104  13:28  Hellion  
  104  13:31  Siege Tank x2  
  90  13:46  Hellion x2  
  90  13:48  Hellion  
  88  13:51  SCV  
  88  13:53  SCV  
Tags
 
Add a new tag
Caveats
  • Supply blocks, unpowered buildings, or Contaminate may cause inaccurate times.
  • Supply counts are checked every 10 seconds.